 Dungeon Crawl Stone Soup version bcrawl-1.28.1b (webtiles) character file.

Game seed: 3326998411181095436

166090 Morbidden the Gusty (level 5, -11/41 HPs)
             Began as a Djinni Air Elementalist on Dec 25, 2020.
             Mangled by a bullfrog (12 damage)
             ... on level 3 of the Dungeon.
             The game lasted 00:02:56 (2801 turns).

Morbidden the Gusty (Djinni Air Elementalist)       Turns: 2801, Time: 00:02:56

Health: -11/41     AC:  2    Str: 11    XL:     5   Next: 85%
Magic:  3/12       EV: 12    Int: 18    God:
Gold:   170        SH:  0    Dex: 11    Spells: 9/13 levels left

rFire    . . .     SeeInvis .   i - +1 dagger (venom)
rCold    . . .     Gourm    .   (no shield)
rNeg     . . .     Faith    .   a - +0 robe
rPois    .         Spirit   .   (no helmet)
rElec    .         Reflect  .   (no cloak)
rCorr    .         Harm     .   (no gloves)
MR       .....     Rnd*Rage +   (boots unavailable)
Stlth    ++........             (no amulet)
HPRegen  0.13/turn              (no ring)
MPRegen  0.13/turn              (no ring)

@: flying, very slightly contaminated
A: never pass out, berserk 2, blink, blurry vision 2, wild magic 2, MP-powered
wands, floating
a: Blink


You were on level 3 of the Dungeon.
You were hungry.

You visited 1 branch of the dungeon, and saw 3 of its levels.

You collected 170 gold pieces.

Inventory:

Hand Weapons
 i - a +1 dagger of venom (weapon)
Armour
 a - a +0 robe (worn)
Wands
 j - a wand of disintegration (11)
Scrolls
 f - 3 scrolls of identify
 m - 3 scrolls of remove curse
 n - a scroll of teleportation {unknown}
Potions
 b - 2 potions of lignification {unknown}
 c - 2 potions of flight
 d - a potion of degeneration {unknown}
 g - a potion of haste {unknown}
 h - 2 potions of curing {unknown}
 k - a potion of invisibility {unknown}
 o - a potion of heal wounds {unknown}
Comestibles
 e - 4 rations {!d}
 l - 4 chunks of flesh


   Skills:
 * Level 1.7 Fighting
 + Level 0.1 Short Blades
 * Level 2.4 Dodging
 + Level 1.8 Stealth
 * Level 4.8 Spellcasting
 * Level 2.2 Conjurations
 * Level 5.8 Air Magic


You had 9 spell levels left.
You knew the following spells:

 Your Spells              Type           Power        Failure   Level  Hunger
a - Shock                 Conj/Air       ####.        8%          1    None
b - Static Discharge      Air            #####...     10%         3    ###....

Your spell library contained the following spells:

 Spells                   Type           Power        Failure   Level  Hunger
 Swiftness                Chrm/Air       ###.....     14%         2    None
 Airstrike                Air            #####.....   24%         4    #####..
 Lightning Bolt           Conj/Air       ####......   73%         5    ######.


Dungeon Overview and Level Annotations

Branches:
Dungeon (3/12)

Altars:
The Shining One


Innate Abilities, Weirdness & Mutations

You never pass out after going berserk.
You often lose your temper in combat.
You can translocate small distances at will.
Scrolls take you longer to read.
Your spells are harder to cast, but more powerful.
You expend magic power (3 MP) to strengthen your wands.
Your body floats in the air.


Message History

Casting: Static Discharge (safe; 10% risk of failure)
Confirm with . or Enter, or press ? or * to list all spells.
The bullfrog is struck by an arc of lightning!
The bullfrog is heavily wounded.
The lightning grounds out.
The bullfrog barely misses you. The bullfrog hits you. The bullfrog hits you.
* * * LOW HITPOINT WARNING * * *
No path to travel!
Casting: Static Discharge (safe; 10% risk of failure)
Confirm with . or Enter, or press ? or * to list all spells.
The bullfrog is struck by an arc of lightning!
The bullfrog is almost dead.
You are struck by an arc of lightning.
* * * LOW HITPOINT WARNING * * *
The lightning grounds out.
The bullfrog barely misses you. The bullfrog hits you.
* * * LOW HITPOINT WARNING * * *
The bullfrog hits you!
You die...

.........#...#.######..........
.....>..........÷####.........#
............#..##..##....####.#
...........#..#.###.#..........
.............#.#.########).....
######....#.....### #......
#........###.# ######.
#######.....#..F.# ##########.
#........#...#@## #..........
#..........#..#.### #..#######.
#..............#..# #..# #.
#...............### #..# #.
#.........#.##### #..# #.
#...............### #.########.
########.......#÷.# #..........
######....#..#.### #..########
#.......#...#.#######.# #..


You could see a bullfrog.

Vanquished Creatures
  A crimson imp (D:3)
  2 orc priests (D:3)
  A worker ant (D:3)
  3 adders (D:3)
  An ooze (D:3)
  A worm (D:3)
  4 dart slugs (D:1)
  2 leopard geckos
  10 orcs
  3 giant cockroaches
  5 goblins
  4 hobgoblins
  3 jackals (D:3)
  3 quokkas (D:3)
  2 ball pythons (D:1)
  A bat (D:1)
  7 frilled lizards
  4 kobolds
  6 rats
63 creatures vanquished.

Vanquished Creatures (others)
  An orc wizard (D:3)
1 creature vanquished.

Grand Total: 64 creatures vanquished

Notes
Turn   | Place    | Note
-------+----------+-------------------------------------------
     0 | D:1      | Morbidden the Djinni Air Elementalist began the quest for
                  | the Orb.
     0 | D:1      | Reached XP level 1. HP: 14/14 MP: 4/4
   447 | D:1      | Reached skill level 4 in Air Magic
   447 | D:1      | Reached XP level 2. HP: 12/20 MP: 1/6
  1318 | D:2      | Reached XP level 3. HP: 27/27 MP: 6/8
  1628 | D:2      | Found a glowing golden altar of the Shining One.
  1719 | D:3      | Learned a level 3 spell: Static Discharge
  1834 | D:3      | Reached skill level 1 in Fighting
  1834 | D:3      | Gained mutation: Your spells are harder to cast, but more
                  | powerful. [Djinni growth]
  1834 | D:3      | Gained mutation: You can translocate small distances at
                  | will. [Djinni growth]
  1834 | D:3      | Reached XP level 4. HP: 24/35 MP: 2/10
  2122 | D:3      | Reached skill level 5 in Air Magic
  2122 | D:3      | Reached XP level 5. HP: 40/40 MP: 7/11
  2800 | D:3      | HP: 1/41 [bullfrog (5)]
  2801 | D:3      | Mangled by a bullfrog

Skill      XL: |  1  2  3  4  5 |
---------------+----------------+-----
Air Magic      | 4 5 |  5.8
Spellcasting   | 4 |  4.8
Fighting       | 1 |  1.7
Conjurations   | 2 |  2.2
Short Blades   | |  0.1
Dodging        | |  2.4
Stealth        | |  1.8

Action                   |  1- 3 |  4- 6 || total
-------------------------+-------+-------++-------
Melee: Dagger            |     6 |    19 ||    25
 Cast: Shock             |    63 |    39 ||   102
       Static Discharge  |       |     6 ||     6
  Use: Scroll            |       |     2 ||     2
  Eat: Chunk             |     4 |     4 ||     8
Armor: Robe              |     1 |     3 ||     4
Dodge: Dodged            |     4 |    15 ||    19
